 Dungeon Crawl Stone Soup version 0.30-a0-939-gc8157cb160 (webtiles) character file.

Game seed: 6997594486372221037

326 mandoloar the Trooper (level 6, 0/52 HPs)
             Began as a Demigod Fighter on Mar 25, 2023.
             Slain by an orc
             ... wielding a +0 flail
              (2 damage)
             ... on level 2 of the Dungeon.
             The game lasted 00:09:17 (3134 turns).

mandoloar the Trooper (Demigod Fighter)             Turns: 3134, Time: 00:09:17

Health: 0/52       AC: 15    Str: 25    XL:     6   Next: 3%
Magic:  8/8        EV:  9    Int: 10    God:
Gold:   196        SH:  6    Dex: 19    Spells: 5/5 levels left

rFire   . . .      SeeInvis .    a - +0 flail (protect)
rCold   . . .      Faith    .    c - +1 buckler
rNeg    . . .      Spirit   .    b - +0 scale mail
rPois   +          Reflect  .    t - +0 helmet
rElec   .          Rampage  .    (no cloak)
rCorr   .                        (no gloves)
Will    .....                    (no boots) Stlth
                                 (no amulet)
HPRegen 0.28/turn                j - +6 ring of dexterity
MPRegen 0.11/turn                n - ring of poison resistance

@: under a protective aura
A: high MP 1, forlorn, divine attributes
a: no special abilities


You were on level 2 of the Dungeon.
You visited 1 branch of the dungeon, and saw 4 of its levels.

You collected 196 gold pieces.

Inventory:

Hand Weapons
 a - a +0 flail of protection (weapon)
Missiles
 e - 30 stones (quivered)
Armour
 b - a +0 scale mail (worn)
 c - a +1 buckler (worn)
 t - a +0 helmet (worn)
Jewellery
 j - a +6 ring of dexterity (left hand)
 n - a ring of poison resistance (right hand)
Wands
 p - a wand of quicksilver (6)
Scrolls
 g - a scroll of vulnerability
 i - 2 scrolls of teleportation
 k - 2 scrolls of poison {unknown}
 o - a scroll of silence {unknown}
 q - a scroll of identify
 v - a scroll of enchant armour
Potions
 d - 2 potions of might
 f - 2 potions of mutation {unknown}
 h - a potion of flight
 l - a potion of brilliance
 m - a potion of cancellation
 r - a potion of heal wounds {unknown}
 s - a potion of invisibility {unknown}
 u - 2 potions of degeneration {unknown}


   Skills:
 + Level 4.0 Fighting
 + Level 3.3 Maces & Flails
 + Level 3.9 Armour
 + Level 3.9 Shields


You had 5 spell levels left.
You didn't know any spells.
Your spell library contained the following spells:

 Spells                   Type           Power      Damage    Failure   Level
 Necrotise                Necr           0%         1d4       75%         1
 Ensorcelled Hibernation  Hex/Ice        0%         N/A       86%         2
 Passwall                 Tmut/Erth      0%         N/A       86%         2
 Swiftness                Air            0%         N/A       98%         3
 Vampiric Draining        Necr           0%         2d6       98%         3
 Agony                    Necr           0%         N/A       100%        5


Dungeon Overview and Level Annotations

Branches:
Dungeon (4/15)
 Temple: D:4-7

Shops:
D:1 [


Innate Abilities, Weirdness & Mutations

You have an increased reservoir of magic. (+10% MP)
You shall have no god before yourself.
Your divine heritage dramatically boosts your attributes as you level up.


Message History

You start resting.
HP restored.
You climb downwards.
You block the orc's attack. The orc hits you with a +0 flail.
The orc priest invokes the aid of Beogh against you.
Beogh smites you!
You hear a shout!
There is a stone staircase leading up, spattered with blood here.
The orc priest calls down the wrath of Beogh upon you.
Beogh smites you! The orc hits you but does no damage.
You block the orc priest's attack.
You climb upwards.
There is a stone staircase leading down here.
You are too injured to fight recklessly!
You thump the orc priest!
Your weapon exudes an aura of protection.
The orc priest is severely wounded.
The orc priest invokes the aid of Beogh against you.
Beogh smites you!
* * * LOW HITPOINT WARNING * * *
You block the orc's attack.
You hit the orc priest but do no damage.
The orc priest is severely wounded.
You block the orc priest's attack. The orc hits you with a +0 flail.
* * * LOW HITPOINT WARNING * * *
You sock the orc priest!
You kill the orc priest!
You block the orc's attack.
Your Fighting skill increases to level 4!
You have reached level 6!
Your experience leads to a dramatic increase in your attributes!
Your base attributes are Str 21, Int 10, Dex 13.
Increase (S)trength, (I)ntelligence, or (D)exterity?
You feel stronger. x4
You hit the orc.
The orc is severely wounded.
The orc hits you with a +0 flail.
* * * LOW HITPOINT WARNING * * *
The orc hits you with a +0 flail.
You die...

#.##.##..).##.......##
######.##.##..##...#...#..##
##.............##.###....#...
##..............#..# #........
#...............#.####.##.....
####.................##..........
#..................####.........#
#.##.............)...##..........
................@.............#..
....~.........)o.....##.......###
~~~~~~........................###
.~~~~......#.......###....##>....
.~≈~~.........#....#####..##.....
.........^....###...####.........
######........###....##..##......
#...........................
#........#..........###...<.


You could see an orc.

Vanquished Creatures
  Sigmund (D:3)
  An orc priest (D:2)
  3 gnolls (D:3)
  4 adders
  An adder zombie (D:2)
  2 dart slugs (D:1)
  An orc (D:3)
  6 endoplasms
  3 giant cockroaches
  12 goblins
  6 hobgoblins
  2 jackals (D:3)
  3 quokkas
  10 ball pythons
  3 bats (D:1)
  2 frilled lizards (D:2)
  3 kobolds
  A quokka skeleton (D:2)
  3 rats
67 creatures vanquished.

Vanquished Creatures (others)
  A rat (D:1)
  A withered plant (D:2)
2 creatures vanquished.

Grand Total: 69 creatures vanquished

Notes
Turn   | Place    | Note
-------+----------+-------------------------------------------
     0 | D:1      | mandoloar the Demigod Fighter began the quest for the Orb.
     0 | D:1      | Reached XP level 1. HP: 18/18 MP: 3/3
   165 | D:1      | Found Has Welehed's Antique Armour Boutique.
   308 | D:1      | Reached XP level 2. HP: 20/25 MP: 4/4
   425 | D:1      | Reached skill level 3 in Fighting
   806 | D:1      | Reached XP level 3. HP: 31/31 MP: 5/5
  2112 | D:3      | Noticed Sigmund
  2132 | D:2      | Reached XP level 4. HP: 37/38 MP: 6/6
  2247 | D:3      | Killed Sigmund
  2248 | D:3      | Reached XP level 5. HP: 28/46 MP: 7/7
  3134 | D:2      | Reached skill level 4 in Fighting
  3134 | D:2      | Reached XP level 6. HP: 6/52 MP: 8/8
  3134 | D:2      | HP: 2/52 [orc/+0 flail (4)]
  3134 | D:2      | Slain by an orc

Illustrated notes

Levels and vault maps discovered:
D:1:      nicolae_arrival_memento_mori, layout_rooms, serial_shops,
          nicolae_shop_advertising_works [nicolae_subvault_shop_adworks],
          nrook_mini_vaults, patterned_corridor
D:2:      layout_rooms, serial_undead, serial_undead_c, serial_undead_b,
          serial_undead_b, serial_undead_f
D:3:      layout_rooms, minmay_bisected, uniq_sigmund
D:4:      layout_basic, uniq_eustachio

Skill      XL: |  1  2  3  4  5 |
---------------+----------------+-----
Maces & Flails | 2 3 |  3.3
Fighting       | 3 4 |  4.0
Shields        | 3 |  3.9
Armour         | 3 |  3.9

Action                     |  1- 3 |  4- 6 || total
---------------------------+-------+-------++-------
  Melee: Flail             |   191 |    59 ||   250
  Throw: Stone             |     2 |       ||     2
    Use: Scroll            |     9 |       ||     9
 Armour: Scale mail        |   126 |    34 ||   160
  Dodge: Dodged            |   120 |    33 ||   153
  Block: Buckler           |    62 |    31 ||    93

Table legend: (Time is in decaauts)
 A = Elapsed time spent in this place.
 B = Non-inter-level travel time spent in this place.
 C = Inter-level travel time spent in this place.
 D = Time resting spent in this place.
 E = Time spent auto-exploring this place.
 F = Levels seen in this place.
 G = Mean time per level.
                   A        B        C        D        E       F      G
               +--------+--------+--------+--------+--------+-----+--------+
         Total |   3222 |   3081 |    141 |   1182 |   1040 |   4 |  805.5 |
       Dungeon |   3222 |   3081 |    141 |   1182 |   1040 |   4 |  805.5 |
               +--------+--------+--------+--------+--------+-----+--------+

Top non-repeatable levels by time:
     D:1: 1189 daAuts
     D:2: 1083 daAuts
     D:3: 947 daAuts
     D:4: 1 daAuts
